 Dungeon Crawl Stone Soup version 0.32-a0-918-g0f22ef8d61 (webtiles) character file.

Game seed: 8215237872727929388

2 Esekla the Chucker (level 1, 0/13 HPs)
             Began as a Demonspawn Wanderer on Apr 12, 2024.
             Slain by a hobgoblin (4 damage)
             ... on level 1 of the Dungeon.
             The game lasted 00:01:11 (82 turns).

Esekla the Chucker (Demonspawn Wanderer)              Turns: 82, Time: 00:01:12

Health: 0/13       AC:  2    Str:  8    XL:     1   Next: 25%
Magic:  2/2        EV: 10    Int: 16    God:
Gold:   14         SH:  0    Dex: 12    Spells: 2/2 levels left

rFire   . . .        a - +0 dagger
rCold   . . .        (no shield)
rNeg    . . .        d - +0 robe
rPois   .            (no helmet)
rElec   .            (no cloak)
rCorr   .            (no gloves)
SInv    .            (no boots)
Will    .....        (no amulet)
Stlth   +            (no ring)
HPRegen 0.22/turn    (no ring)
MPRegen 0.08/turn

%: no passive effects
@: no status effects
A: no striking features
a: no special abilities


You were on level 1 of the Dungeon.
You visited 1 branch of the dungeon, and saw 1 of its levels.

You collected 14 gold pieces.

Inventory:

Hand Weapons
 a - a +0 dagger (weapon)
Missiles
 b - 8 boomerangs (quivered)
Armour
 d - a +0 robe (worn)
Scrolls
 c - a scroll of teleportation


   Skills:
 * Level 0.3 Short Blades
 - Level 4.5 Throwing
 * Level 1.0 Spellcasting
 - Level 2.0 Summonings
 * Level 0.1 Air Magic
 + Level 1.0 Alchemy
 + Level 1.0 Evocations


You had 2 spell levels left.
You didn't know any spells.
Your spell library contained the following spells:

 Spells                   Type           Power      Damage    Failure   Level
 Summon Small Mammal      Summ           28%        N/A       10%         1
 Sting                    Conj/Alch      8%         1d3       19%         1
 Call Canine Familiar     Summ           7%         N/A       30%         3
 Mephitic Cloud           Conj/Alch/Air  2%         N/A       52%         3
 Summon Blazeheart Golem  Fire/Summ      4%         N/A       83%         4


Dungeon Overview and Level Annotations

Branches:
Dungeon (1/15)

Altars:


Message History

The helpless endoplasm fails to defend itself.
You hit the endoplasm.
The endoplasm is severely wounded.
The bat barely misses you. The endoplasm freezes you.
You are frozen.
The endoplasm attacks as it pursues you!
The endoplasm barely misses you. The bat completely misses you.
The endoplasm attacks as it pursues you!
The endoplasm hits you but does no damage.
You hit the endoplasm.
You kill the endoplasm!
The bat hits you but does no damage.
Throw: 8 boomerangs
Press: ? - help, Q - select action Shift-Dir - straight line, f - bat
Aim: a bat (39% to hit)
You throw a boomerang. The boomerang hits the bat.
You kill the bat!
You start resting.
HP restored.
Found 4 stones.
Found 12 gold pieces.
A hobgoblin comes into view.
The hobgoblin shouts!
You start waiting.
A hobgoblin is nearby!
You barely miss the hobgoblin. The hobgoblin closely misses you.
You hit the hobgoblin but do no damage. The hobgoblin closely misses you.
You closely miss the hobgoblin. The hobgoblin hits you.
You hit the hobgoblin but do no damage. The hobgoblin barely misses you.
You barely miss the hobgoblin. The hobgoblin hits you.
You barely miss the hobgoblin. The hobgoblin hits you.
You hit the hobgoblin.
The hobgoblin is moderately wounded.
The hobgoblin hits you.
You closely miss the hobgoblin.
The hobgoblin is moderately wounded.
The hobgoblin hits you.
You die...

###### #######
#####..... ......
#........# #...#
#........# #...# #
.........###...#.##.
....>.....@g........
#........###.....##
.........#.+..(..#
#........#.#g.$#.#
#........#.#...# #
.........#.#...#
.########..#####.
#..........
##.#.#####..


You could see a hobgoblin.

Vanquished Creatures
  An endoplasm (D:1)
  A bat (D:1)
2 creatures vanquished.

Notes
Turn   | Place    | Note
-------+----------+-------------------------------------------
     0 | D:1      | Esekla the Demonspawn Wanderer began the quest for the Orb.
     0 | D:1      | Esekla set off with the following items: a +0 dagger, 8
                  | boomerangs, a scroll of teleportation, a +0 robe; and the
                  | following spells available to memorise: Summon Small
                  | Mammal, Sting, Call Canine Familiar, Mephitic Cloud, Summon
                  | Blazeheart Golem.
     0 | D:1      | Reached XP level 1. HP: 13/13 MP: 2/2
    82 | D:1      | Slain by a hobgoblin

Illustrated notes

Levels and vault maps discovered:
D:1:      lemuel_arrival_muddy, layout_basic,
          hellmonk_ecumenical_altar_crossroads

Action                     || total
---------------------------++-------
  Melee: Dagger            ||    10
  Throw: Boomerang         ||     1
   Stab: Sleeping          ||     1
 Armour: Robe              ||     7
  Dodge: Dodged            ||     6

Table legend: (Time is in decaauts)
 A = Elapsed time spent in this place.
 B = Non-inter-level travel time spent in this place.
 C = Inter-level travel time spent in this place.
 D = Time resting spent in this place.
 E = Time spent auto-exploring this place.
 F = Levels seen in this place.
 G = Mean time per level.
                   A        B        C        D        E       F      G
               +--------+--------+--------+--------+--------+-----+--------+
         Total |     83 |     83 |      0 |     21 |      0 |   1 |   83.0 |
       Dungeon |     83 |     83 |      0 |     21 |      0 |   1 |   83.0 |
               +--------+--------+--------+--------+--------+-----+--------+

Top non-repeatable levels by time:
     D:1: 83 daAuts
